 Dungeon Crawl Stone Soup version 0.29.1-14-g9c671dbff4 (webtiles) character file.

Game seed: 11419238293265694322

50 Heoruswealwe the Conjurer (level 3, -1/19 HPs)
             Began as a Deep Elf Conjurer on Feb 16, 2023.
             Slain by a hobgoblin (3 damage)
             ... on level 2 of the Dungeon.
             The game lasted 00:16:45 (2118 turns).

Heoruswealwe the Conjurer (Deep Elf Conjurer)       Turns: 2118, Time: 00:16:46

Health: -1/19      AC:  0    Str:  4    XL:     3   Next: 55%
Magic:  7/10       EV: 20    Int: 24    God:
Gold:   20         SH:  0    Dex: 18    Spells: 7/10 levels left

rFire   . . .      SeeInvis .   (weapon currently unavailable)
rCold   . . .      Faith    .   (shield currently unavailable)
rNeg    . . .      Spirit   .   (body armour currently unavailable)
rPois   .          Reflect  .   (helmet currently unavailable)
rElec   .          Harm     .   (cloak currently unavailable)
rCorr   .          Rampage  .   (gloves currently unavailable)
Will    .....                   (boots currently unavailable)
Stlth   ++........              e - amulet of the acrobat
HPRegen 0.06/turn               (ring currently unavailable)
MPRegen 0.12/turn               (ring currently unavailable)

@: bat-form, flying, very quick
A: fast, flying, no casting, tiny
a: no special abilities


You were on level 2 of the Dungeon.
You were a bat.
You visited 1 branch of the dungeon, and saw 2 of its levels.

You collected 20 gold pieces.

Inventory:

Hand Weapons
 c - a +0 mace
 f - a +0 dagger
 h - a +0 sling
 j - a +0 spear
 l - a +0 whip
 n - a +0 club
 o - a +0 mace
 p - a +0 sling
 s - a +0 short sword of electrocution (melded)
 t - a +0 sling
 u - a +1 dagger of electrocution
Missiles
 g - 11 stones
 q - 2 poisoned darts
Armour
 a - a +0 robe (melded)
 i - a +0 scale mail
Jewellery
 e - an amulet of the acrobat (around neck)
Scrolls
 k - a scroll of identify {unknown}
 m - a scroll of blinking {unknown}
 v - a scroll of torment {unknown}
Potions
 b - a potion of magic
 d - 2 potions of curing {unknown}
 r - a potion of resistance {unknown}
 w - a potion of cancellation {unknown}


   Skills:
 - Level 2.4 Dodging
 - Level 2.4 Stealth
 + Level 4.3 Spellcasting
 + Level 5.2 Conjurations


You had 7 spell levels left.
You knew the following spells:

 Your Spells              Type           Power      Damage    Failure   Level
a - Magic Dart            Conj           100%       1d8       1%          1
b - Searing Ray           Conj           60%        2d6       1%          2

Your spell library contained the following spells:

 Spells                   Type           Power      Damage    Failure   Level
 Dazzling Flash           Conj/Hex       34%        N/A       10%         3
 Fulminant Prism          Conj/Hex       8%         3d7       32%         4
 Iskenderun's Mystic Bla  Conj/Tloc      17%        2d5       32%         4


Dungeon Overview and Level Annotations

Branches:
Dungeon (2/15)

Altars:

Annotations:
D:2 Sigmund


Message History

You are too injured to fight recklessly!
w - a lumpy white potion
Casting: Magic Dart (safe; 1% risk of failure)
Confirm with . or Enter, or press ? or * to list all spells.
Okay, then.
Casting: Magic Dart (safe; 1% risk of failure)
Confirm with . or Enter, or press ? or * to list all spells.
You can't see any susceptible monsters within range! (Use Z to cast anyway.)
Casting: Magic Dart (safe; 1% risk of failure)
Confirm with . or Enter, or press ? or * to list all spells.
Aiming: Searing Ray (safe; 1% risk of failure)
Press: ? - help, Shift-Dir - straight line, f - Sigmund
Aim: Sigmund, wielding a +0 scythe, wearing a +0 robe and carrying a wand of polymorph (5) (lightly wounded, 77% to hit)
The searing ray hits Sigmund.
Sigmund is heavily wounded. (Press . to maintain the ray.) Sigmund zaps a wand.
You turn into a bat.
Your +0 short sword of electrocution melds into your body.
Your +0 robe melds into your body.
Your +0 short sword of electrocution stops crackling.
Sigmund gestures at you while chanting. The magic dart hits you!
* * * LOW HITPOINT WARNING * * *
A hobgoblin comes into view.
The hobgoblin shouts!
The hobgoblin misses you.
You hit the hobgoblin but do no damage. The hobgoblin completely misses you.
You hit the hobgoblin.
The hobgoblin is lightly wounded.
The hobgoblin barely misses you.
You hit the hobgoblin but do no damage.
The hobgoblin is lightly wounded.
The hobgoblin barely misses you.
You hit the hobgoblin but do no damage.
The hobgoblin is lightly wounded.
The hobgoblin misses you.
You hit the hobgoblin.
The hobgoblin is moderately wounded.
The hobgoblin hits you.
You die...

###################
#........@†........
##.################
#b# #....† #g#
#.#### #.# #.# #.#
#.# #.#
#######.#### ...
........#$.. ###
#####......#
#.###.[# #. ...#


You could see a hobgoblin.

Vanquished Creatures
  4 dart slugs
  2 ball pythons (D:1)
  4 bats
  3 endoplasms (D:1)
  3 giant cockroaches
  2 goblins
  7 hobgoblins
  3 jackals (D:1)
  3 kobolds
  A frilled lizard (D:1)
  4 rats
  3 bushes (D:1)
39 creatures vanquished.

Vanquished Creatures (others)
  6 plants (D:1)
6 creatures vanquished.

Grand Total: 45 creatures vanquished

Notes
Turn   | Place    | Note
-------+----------+-------------------------------------------
     0 | D:1      | Heoruswealwe the Deep Elf Conjurer began the quest for the
                  | Orb.
     0 | D:1      | Reached XP level 1. HP: 10/10 MP: 6/6
  1074 | D:1      | Reached XP level 2. HP: 15/15 MP: 2/8
  1182 | D:1      | Learned a level 2 spell: Searing Ray
  1466 | D:1      | Reached skill level 5 in Conjurations
  1466 | D:1      | Reached XP level 3. HP: 19/19 MP: 6/10
  2051 | D:2      | Noticed Sigmund
  2118 | D:2      | Slain by a hobgoblin

Illustrated notes

Levels and vault maps discovered:
D:1:      psy_arrival_fountain, layout_loops_corners, serial_park_tiny_2
D:2:      layout_basic, uniq_sigmund

Skill      XL: |  1  2 |
---------------+-------+-----
Spellcasting   | 4 |  4.3
Conjurations   | 5 |  5.2
Dodging        | |  2.4
Stealth        | |  2.4

Action                   || total
-------------------------++-------
Melee: Mace              ||   736
       Punch             ||    13
       Dagger            ||    10
       Short sword       ||     5
       Unarmed           ||     5
 Cast: Magic Dart        ||    59
       Searing Ray       ||     4
Armor: Robe              ||     1
Dodge: Dodged            ||    18
